PAA
SUN PRAIRIE SWALLOWS @ MERCER ISLAND SCREAMING EAGLES
05/09/2023
 
TOP OF THE 1ST
Sun Prairie Swallows batting - Pitching for Mercer Island Screaming Eagles : LHP Luis Torres
Pitching: LHP Luis Torres
Batting: SHB Juan Ortega 0-0: Ball
1-0: Swinging Strike
1-1: Foul Ball, location: 2F
1-2: Strikes out swinging
Batting: LHB Kent Roberts 0-0: Swinging Strike
0-1: Ball
1-1: Ball
2-1: Fly out, F8 (Flyball, 8RXD)
Batting: RHB José Carlos Ramos 0-0: Ball
1-0: Ball
2-0: Ball
3-0: Called Strike
3-1: SINGLE (Groundball, 34D)
Batting: RHB Gerardo Castillo 0-0: Called Strike
0-1: Swinging Strike
0-2: Fly out, F7 (Line Drive, 7M)
Top of the 1st over - 0 run(s), 1 hit(s), 0 error(s), 1 left on base; Sun Prairie 0 - Mercer Island 0
BOTTOM OF THE 1ST
Mercer Island Screaming Eagles batting - Pitching for Sun Prairie Swallows : LHP Phil Miles
Pitching: LHP Phil Miles
Batting: RHB Gabriel Maldonado 0-0: Called Strike
0-1: DOUBLE (Line Drive, 7LM)
Batting: RHB Shawn McCormack 0-0: Ball
1-0: Called Strike
1-1: Fly out, F8 (Flyball, 8LM)
Batting: RHB Paul Campbell 0-0: Called Strike
0-1: Fly out, F4 (Popup, 4)
Batting: RHB Luis Antonio Hernández 0-0: Ball
1-0: Ball
2-0: Ball
3-0: Called Strike
3-1: Fly out, F6 (Line Drive, 6)
Bottom of the 1st over - 0 run(s), 1 hit(s), 0 error(s), 1 left on base; Sun Prairie 0 - Mercer Island 0
TOP OF THE 2ND
Sun Prairie Swallows batting - Pitching for Mercer Island Screaming Eagles : LHP Luis Torres
Batting: SHB Chris Murray 0-0: Ball
1-0: Swinging Strike
1-1: Ball
2-1: Called Strike
2-2: Foul Ball, location: 2F
2-2: Foul Ball, location: 2F
2-2: Foul Ball, location: 2F
2-2: Ball
3-2: Foul Ball, location: 2F
3-2: Foul Ball, location: 2F
3-2: Strikes out swinging
Batting: RHB Reece White 0-0: Ball
1-0: SINGLE (Line Drive, 56D)
Batting: RHB Matías Torrella 0-0: Called Strike
0-1: Ball
1-1: Ball
2-1: Grounds into double play, 5-4-3 (Groundball, 5L)
Top of the 2nd over - 0 run(s), 1 hit(s), 0 error(s), 0 left on base; Sun Prairie 0 - Mercer Island 0
BOTTOM OF THE 2ND
Mercer Island Screaming Eagles batting - Pitching for Sun Prairie Swallows : LHP Phil Miles
Batting: SHB Ray Davis 0-0: Called Strike
0-1: SOLO HOME RUN (Flyball, 78XD), Distance : 410 ft
Batting: RHB Mike Kelly 0-0: Swinging Strike
0-1: Ball
1-1: Swinging Strike
1-2: Fly out, F7 (Flyball, 7D)
Batting: RHB Gerjan de Best 0-0: Ball
1-0: Ball
2-0: Ball
3-0: Called Strike
3-1: SINGLE (Groundball, 6D)
Batting: RHB Mario Blanco 0-0: Ball
Gerjan de Best is caught stealing 2nd base
1-0: Ground out 6-3 (Groundball, 6)
Bottom of the 2nd over - 1 run(s), 2 hit(s), 0 error(s), 0 left on base; Sun Prairie 0 - Mercer Island 1
TOP OF THE 3RD
Sun Prairie Swallows batting - Pitching for Mercer Island Screaming Eagles : LHP Luis Torres
Batting: RHB Joel Frazier 0-0: Ground out 6-3 (Groundball, 6)
Batting: RHB Alfonso López 0-0: Foul Ball, location: 2F
0-1: Foul Ball, location: 2F
0-2: Fly out, F3 (Popup, 3F)
Batting: SHB Juan Ortega 0-0: Called Strike
0-1: Foul Ball, location: 2F
0-2: Strikes out swinging
Top of the 3rd over - 0 run(s), 0 hit(s), 0 error(s), 0 left on base; Sun Prairie 0 - Mercer Island 1
BOTTOM OF THE 3RD
Mercer Island Screaming Eagles batting - Pitching for Sun Prairie Swallows : LHP Phil Miles
Batting: RHB Alan Rosales 0-0: Fly out, F9 (Flyball, 9S)
Batting: RHB Gabriel Maldonado 0-0: Swinging Strike
0-1: Ball
1-1: Ball
2-1: Foul Ball, location: 2F
2-2: Ball
3-2: Foul Ball, location: 2F
3-2: Ground out 6-3 (Groundball, 6)
Batting: RHB Shawn McCormack 0-0: Called Strike
0-1: Fly out, F8 (Line Drive, 8RM)
Bottom of the 3rd over - 0 run(s), 0 hit(s), 0 error(s), 0 left on base; Sun Prairie 0 - Mercer Island 1
TOP OF THE 4TH
Sun Prairie Swallows batting - Pitching for Mercer Island Screaming Eagles : LHP Luis Torres
Batting: LHB Kent Roberts 0-0: SINGLE (Groundball, 13) (infield hit)
Batting: RHB José Carlos Ramos 0-0: Swinging Strike
0-1: Ball
1-1: Foul Ball, location: 2F
1-2: Ball
2-2: Ball
3-2: SINGLE (Line Drive, 7LS)
Kent Roberts to second
Batting: RHB Gerardo Castillo 0-0: Ball
1-0: Foul Ball, location: 2F
1-1: Called Strike
1-2: Strikes out looking
Batting: SHB Chris Murray 0-0: Ball
1-0: Grounds into double play, 6-4-3 (Groundball, 6)
Top of the 4th over - 0 run(s), 2 hit(s), 0 error(s), 1 left on base; Sun Prairie 0 - Mercer Island 1
BOTTOM OF THE 4TH
Mercer Island Screaming Eagles batting - Pitching for Sun Prairie Swallows : LHP Phil Miles
Batting: RHB Paul Campbell 0-0: Foul Ball, location: 2F
0-1: Ball
1-1: Ball
2-1: Ball
3-1: Called Strike
3-2: Foul Ball, location: 2F
3-2: Ground out 6-3 (Groundball, 6)
Batting: RHB Luis Antonio Hernández 0-0: Called Strike
0-1: Ball
1-1: Swinging Strike
1-2: Ball
2-2: Strikes out swinging
Batting: SHB Ray Davis 0-0: Ball
1-0: Called Strike
1-1: Ball
2-1: Ball
3-1: Fly out, F7 (Flyball, 78S)
Bottom of the 4th over - 0 run(s), 0 hit(s), 0 error(s), 0 left on base; Sun Prairie 0 - Mercer Island 1
TOP OF THE 5TH
Sun Prairie Swallows batting - Pitching for Mercer Island Screaming Eagles : LHP Luis Torres
Batting: RHB Reece White 0-0: Ball
1-0: Called Strike
1-1: Ball
2-1: Foul Ball, location: 2F
2-2: Strikes out looking
Batting: RHB Matías Torrella 0-0: Swinging Strike
0-1: Ball
1-1: Foul Ball, location: 2F
1-2: Ball
2-2: Ball
3-2: Ground out 1-3 (Groundball, 15)
Batting: RHB Joel Frazier 0-0: Ball
1-0: Ball
2-0: Ball
3-0: Called Strike
3-1: Base on Balls
Batting: RHB Alfonso López 0-0: Ball
Joel Frazier steals 2nd base
1-0: Fly out, F8 (Flyball, 8LM)
Top of the 5th over - 0 run(s), 0 hit(s), 0 error(s), 1 left on base; Sun Prairie 0 - Mercer Island 1
BOTTOM OF THE 5TH
Mercer Island Screaming Eagles batting - Pitching for Sun Prairie Swallows : LHP Phil Miles
Batting: RHB Mike Kelly 0-0: Ball
1-0: Fly out, F7 (Flyball, 7LM)
Batting: RHB Gerjan de Best 0-0: Ball
1-0: Ground out 5-3 (Groundball, 5)
Batting: RHB Mario Blanco 0-0: Called Strike
0-1: Ground out 4-3 (Groundball, 34)
Bottom of the 5th over - 0 run(s), 0 hit(s), 0 error(s), 0 left on base; Sun Prairie 0 - Mercer Island 1
TOP OF THE 6TH
Sun Prairie Swallows batting - Pitching for Mercer Island Screaming Eagles : LHP Luis Torres
Batting: SHB Juan Ortega 0-0: Ball
1-0: Fly out, F8 (Flyball, 8LM)
Batting: LHB Kent Roberts 0-0: Called Strike
0-1: Ball
1-1: Ball
2-1: Swinging Strike
2-2: Ball
3-2: Foul Ball, location: 2F
3-2: Fly out, F8 (Flyball, 8LM)
Batting: RHB José Carlos Ramos 0-0: Called Strike
0-1: Ball
1-1: Ball
2-1: Ball
3-1: Base on Balls
Batting: RHB Gerardo Castillo 0-0: Called Strike
0-1: Ball
1-1: Swinging Strike
1-2: Ball
2-2: Strikes out swinging
Top of the 6th over - 0 run(s), 0 hit(s), 0 error(s), 1 left on base; Sun Prairie 0 - Mercer Island 1
BOTTOM OF THE 6TH
Mercer Island Screaming Eagles batting - Pitching for Sun Prairie Swallows : LHP Phil Miles
Batting: RHB Alan Rosales 0-0: Ball
1-0: Called Strike
1-1: Swinging Strike
1-2: Ball
2-2: Strikes out looking
Batting: RHB Gabriel Maldonado 0-0: Swinging Strike
0-1: Ball
1-1: Foul Ball, location: 2F
1-2: Fly out, F8 (Flyball, 8LD)
Batting: RHB Shawn McCormack 0-0: Ball
1-0: SINGLE (Flyball, 9LS)
Batting: RHB Paul Campbell 0-0: Ball
Shawn McCormack steals 2nd base
1-0: Foul Ball, location: 2F
1-1: Fly out, F7 (Flyball, 78D)
Bottom of the 6th over - 0 run(s), 1 hit(s), 0 error(s), 1 left on base; Sun Prairie 0 - Mercer Island 1
TOP OF THE 7TH
Sun Prairie Swallows batting - Pitching for Mercer Island Screaming Eagles : LHP Luis Torres
Batting: SHB Chris Murray 0-0: Swinging Strike
0-1: Ball
1-1: Foul Ball, location: 2F
1-2: Ball
2-2: Fly out, F9 (Flyball, 89D)
Batting: RHB Reece White 0-0: Foul Ball, location: 2F
0-1: Foul Ball, location: 2F
0-2: Strikes out swinging
Batting: RHB Matías Torrella 0-0: Ball
1-0: Ball
2-0: Ball
3-0: Called Strike
3-1: Ground out 5-3 (Groundball, 56)
Top of the 7th over - 0 run(s), 0 hit(s), 0 error(s), 0 left on base; Sun Prairie 0 - Mercer Island 1
BOTTOM OF THE 7TH
Mercer Island Screaming Eagles batting - Pitching for Sun Prairie Swallows : LHP Phil Miles
Batting: RHB Luis Antonio Hernández 0-0: Ball
1-0: Called Strike
1-1: Ground out 6-3 (Groundball, 6)
Batting: SHB Ray Davis 0-0: SINGLE (Groundball, 13S) (infield hit)
Pinch Hitting: RHB Jason Ruffin 0-0: Ball
1-0: SINGLE (Line Drive, 6MD)
Ray Davis to second
Pinch Hitting: RHB P.J. O'Keefe 0-0: Ball
1-0: Grounds into double play, 5-4-3 (Groundball, 5)
Bottom of the 7th over - 0 run(s), 2 hit(s), 0 error(s), 1 left on base; Sun Prairie 0 - Mercer Island 1
TOP OF THE 8TH
Sun Prairie Swallows batting - Pitching for Mercer Island Screaming Eagles : LHP Luis Torres
Now at 2B: P.J. O'Keefe
Now at SS: Nelson Plasenia
Batting: RHB Joel Frazier 0-0: Fly out, F7 (Flyball, 7D)
Batting: RHB Alfonso López 0-0: Ball
1-0: Called Strike
1-1: Ground out 6-3 (Groundball, 6M)
Batting: SHB Juan Ortega 0-0: Ball
1-0: Foul Ball, location: 2F
1-1: Ball
2-1: Swinging Strike
2-2: Fly out, F9 (Line Drive, 89M)
Top of the 8th over - 0 run(s), 0 hit(s), 0 error(s), 0 left on base; Sun Prairie 0 - Mercer Island 1
BOTTOM OF THE 8TH
Mercer Island Screaming Eagles batting - Pitching for Sun Prairie Swallows : LHP Phil Miles
Batting: RHB Mario Blanco 0-0: Ball
1-0: Ball
2-0: Ball
3-0: Base on Balls
Batting: RHB Alan Rosales 0-0: Ball
1-0: Foul Ball, location: 2F
1-1: SINGLE (Line Drive, 8RS)
Mario Blanco to second
Batting: RHB Gabriel Maldonado 0-0: Bunt missed!
0-1: Sac Bunt - play at first, batter OUT! 5-4
Mario Blanco to third
Alan Rosales to second
Batting: RHB Shawn McCormack 0-0: Foul Ball, location: 2F
0-1: Foul Ball, location: 2F
0-2: Fly out, F3 (Popup, 3S)
Batting: RHB Paul Campbell 0-0: Called Strike
0-1: Ball
1-1: Called Strike
1-2: Hit by Pitch
Batting: RHB Luis Antonio Hernández 0-0: Called Strike
0-1: SINGLE (Groundball, 56)
Mario Blanco scores
Alan Rosales to third
Paul Campbell to second
Runner from 3rd tries for Home, throw and OUT!
Bottom of the 8th over - 1 run(s), 2 hit(s), 0 error(s), 2 left on base; Sun Prairie 0 - Mercer Island 2
TOP OF THE 9TH
Sun Prairie Swallows batting - Pitching for Mercer Island Screaming Eagles : LHP Luis Torres
Pitching: LHP John Kirk
Batting: LHB Kent Roberts 0-0: Ball
1-0: Swinging Strike
1-1: Ball
2-1: Called Strike
2-2: Foul Ball, location: 2F
2-2: Ball
3-2: Strikes out looking
Batting: RHB José Carlos Ramos 0-0: Ball
1-0: Ground out 1-3 (Groundball, 15)
Batting: RHB Gerardo Castillo 0-0: Foul Ball, location: 2F
0-1: Ball
1-1: SINGLE (Groundball, 4MD)
Batting: SHB Chris Murray 0-0: Ground out 6-3 (Groundball, 6)
Top of the 9th over - 0 run(s), 1 hit(s), 0 error(s), 1 left on base; Sun Prairie 0 - Mercer Island 2
This league is powered by Out of the Park Baseball, the baseball management simulation game for PC, Mac and Linux
Friday, July 8th, 2016 - OOTP Baseball 16.9 Build 39